Map: Port Aleksander LE

Players

BruceLeroy

  • Race: Terran Terran
  • League: Master
  • Spawn Location: 5:00

Bundaberg - Winner!

  • Race: Zerg Zerg
  • League: Master
  • Spawn Location: 11:00

VOD

Have the link to the VOD?

Description

Time

  • Played on: Feb. 3, 2019, 3:32 a.m.
  • Length: 6:27
Show
View Real Time Build Order
Export as new Build Order

BruceLeroy Terran 

Build Orders: Gas First Reaper Expand, Hellion Opening 

Get SALT Encoding   

  12  0:00  SCV  
  13  0:13  SCV  
  14  0:18  Supply Depot  
  14  0:25  SCV  
  15  0:29  Refinery  
  15  0:41  Barracks  
  15  0:45  SCV  
  16  0:57  SCV  
  17  1:09  SCV  
  18  1:22  SCV  
  19  1:29  Reaper  
  20  1:34  Orbital Command  
  20  1:46  Command Center  
  20  1:57  Factory  
  20  2:01  SCV  
  21  2:06  Barracks Reactor  
  21  2:13  SCV  
  22  2:17  Supply Depot  
  22  2:25  SCV  
  23  2:38  SCV  
  24  2:48  Hellion x2  
  24  2:49  Barracks Tech Lab  
  24  2:50  SCV  
  29  2:58  Orbital Command  
  29  3:02  SCV  
  30  3:08  Marine  
  30  3:09  Stimpack, Hellion x2  
  35  3:14  SCV  
  35  3:15  Supply Depot  
  36  3:26  Marine, SCV  
  36  3:27  SCV  
  39  3:32  Hellion x2  
  43  3:37  Supply Depot  
  43  3:38  SCV  
  43  3:39  SCV  
  43  3:40  Supply Depot  
  45  3:44  Marine  
  46  3:50  SCV  
  46  3:51  SCV  
  48  4:01  Marine  
  49  4:06  Command Center  
  49  4:07  Factory Tech Lab, SCV  
  50  4:11  SCV  
  51  4:19  SCV  
  51  4:21  Barracks x2  
  51  4:23  SCV  
  53  4:24  Marine  
  53  4:26  Siege Tank  
  57  4:31  SCV  
  57  4:35  SCV  
  59  4:41  Engineering Bay  
  59  4:42  Marine  
  59  4:43  SCV  
  59  4:44  Engineering Bay  
  61  4:47  SCV  
  61  4:51  Refinery  
  61  4:52  Refinery  
  62  4:55  Refinery, SCV  
  62  4:59  SCV  
  64  5:00  Marine  
  65  5:07  SCV  
  65  5:10  Starport  
  65  5:11  Factory Reactor  
  65  5:12  SCV  
  66  5:18  Marine  
  66  5:20  Marine x2, SCV  
  70  5:24  Orbital Command, SCV  
  71  5:31  Supply Depot  
  71  5:32  SCV  
  72  5:36  Marine, SCV  
  72  5:38  Marine  
  72  5:39  Marine  
  76  5:44  SCV  
  77  5:50  SCV  
  77  5:56  Marine x2  
  73  5:57  SCV  
  73  5:59  Marine  
  45  6:04  SCV  
  45  6:06  SCV  
  45  6:07  Marine  
  45  6:11  SCV  
Show
View Real Time Build Order
Export as new Build Order

Bundaberg Zerg - Winner!

Build Orders: Pool First, Roach Nydus 

Get SALT Encoding   

  12  0:01  Drone  
  13  0:13  Overlord  
  13  0:18  Drone  
  14  0:31  Drone  
  14  0:32  Drone  
  16  0:35  Drone  
  17  0:46  Spawning Pool  
  17  0:49  Drone  
  17  0:57  Drone  
  18  1:13  Hatchery  
  18  1:15  Extractor  
  16  1:19  Drone  
  16  1:21  Drone  
  18  1:33  Zergling x2  
  18  1:35  Queen  
  21  1:41  Drone  
  22  1:51  Overlord  
  22  2:11  Drone, Queen  
  25  2:17  Drone  
  25  2:22  Hatchery  
  25  2:28  Drone x2  
  27  2:39  Queen  
  27  2:42  Metabolic Boost  
  29  2:47  Drone  
  29  2:48  Drone  
  31  2:58  Overlord  
  31  3:01  Drone x3  
  34  3:07  Drone  
  34  3:08  Drone  
  36  3:21  Drone x3  
  36  3:22  Drone x3  
  42  3:27  Overlord  
  42  3:38  Queen  
  44  3:42  Drone x3  
  44  3:43  Drone  
  44  3:44  Lair  
  48  3:49  Overlord  
  47  3:57  Roach Warren  
  47  3:59  Zergling x6  
  47  4:00  Zergling x2  
  47  4:02  Extractor  
  49  4:04  Extractor  
  49  4:06  Queen  
  51  4:10  Drone x2  
  51  4:11  Drone  
  51  4:14  Drone  
  51  4:15  Drone  
  51  4:16  Drone  
  56  4:23  Overlord  
  56  4:25  Queen  
  58  4:35  Overlord  
  58  4:36  Overlord x2  
  57  4:53  Nydus Network  
  57  4:54  Roach x6  
  68  5:06  Roach x5  
  78  5:12  Overseer  
  78  5:14  Zergling x2  
  78  5:15  Zergling x6  
  78  5:19  Overlord  
  82  5:23  Roach x2  
  86  5:31  Zergling x6  
  86  5:32  Zergling x4  
  91  5:37  Nydus Canal  
  91  5:39  Roach x2  
  95  5:45  Zergling x6  
  94  6:02  Roach  
  94  6:03  Roach x5  
Tags
 
Add a new tag
Caveats
  • Supply blocks, unpowered buildings, or Contaminate may cause inaccurate times.
  • Supply counts are checked every 10 seconds.